 Dungeon Crawl Stone Soup version 0.29.1-1-gd02db6906a (webtiles) character file.

Game seed: 14417765544769098416

14 Anriel the Covered (level 2, -10/19 HPs)
             Began as a Gargoyle Fighter on Oct 12, 2022.
             Mangled by Crazy Yiuf
             ... wielding a +2 quarterstaff of chaos
              (15 damage)
             ... on level 2 of the Dungeon.
             The game lasted 00:03:49 (406 turns).

Anriel the Covered (Gargoyle Fighter)                Turns: 406, Time: 00:03:50

Health: -10/19     AC: 10    Str: 19    XL:     2   Next: 41%
Magic:  2/2        EV:  9    Int:  8    God:
Gold:   92         SH:  4    Dex:  9    Spells: 1/1 levels left

rFire   . . .      SeeInvis .   a - +0 flail
rCold   . . .      Faith    .   c - +0 buckler
rNeg    + . .      Spirit   .   b - +0 scale mail
rPois   ∞          Reflect  .   (no helmet)
rElec   +          Harm     .   e - +0 cloak
rCorr   .          Rampage  .   (no gloves)
Will    .....                   (no boots)
Stlth   ..........              (no amulet)
HPRegen 0.06/turn               (no ring)
MPRegen 0.08/turn               (no ring)

@: no status effects
A: sickness immunity, AC +2, negative energy resistance 1, electricity
resistance, torment resistance 1, petrification resistance
a: no special abilities


You were on level 2 of the Dungeon.
You visited 1 branch of the dungeon, and saw 2 of its levels.

You collected 92 gold pieces.

Inventory:

Hand Weapons
 a - a +0 flail (weapon)
Armour
 b - a +0 scale mail (worn)
 c - a +0 buckler (worn)
 e - a +0 cloak (worn)
Scrolls
 g - a scroll of enchant armour {unknown}
Potions
 d - a potion of might
 f - 2 potions of curing {unknown}


   Skills:
 + Level 3.5 Fighting
 + Level 2.1 Maces & Flails
 + Level 3.5 Armour
 + Level 3.5 Shields


You had one spell level left.
You didn't know any spells.
Your spell library contained the following spells:

 Spells                   Type           Power      Damage    Failure   Level
 Apportation              Tloc           0%         N/A       86%         1
 Beastly Appendage        Tmut           0%         N/A       86%         1
 Magic Dart               Conj           0%         1d3       86%         1
 Call Imp                 Summ           0%         N/A       94%         2
 Searing Ray              Conj           0%         2d4       94%         2
 Wereblood                Tmut           0%         N/A       94%         2
 Spider Form              Tmut/Pois      0%         N/A       99%         3
 Fulminant Prism          Conj/Hex       0%         3d6       100%        4
 Summon Lightning Spire   Summ/Air       0%         N/A       100%        4
 Summon Cactus Giant      Summ           0%         N/A       100%        6
 Malign Gateway           Summ/Tloc      0%         N/A       100%        7


Dungeon Overview and Level Annotations

Branches:
Dungeon (1/15)

Altars:
Vehumet

Annotations:
D:2 Crazy Yiuf


Innate Abilities, Weirdness & Mutations

You are immune to sickness and miasma.
Your stone body is resilient. (AC +2)
You are immune to poison.
You resist negative energy. (rN+)
You are resistant to electric shocks. (rElec)
You are resistant to unholy torment.
You are immune to petrification.


Message History

Found 6 poisoned darts.
You see here 3 gold pieces.
You closely miss the bat. The bat barely misses you.
You closely miss the bat. The bat closely misses you.
You barely miss the bat. You block the bat's attack. The bat barely misses you.
The bat hits you but does no damage.
You closely miss the bat. You block the bat's attack.
You hit the bat.
You kill the bat!
You now have 92 gold pieces (gained 3).
There is a stone staircase leading down here.
Found a stone staircase leading up.
Found a mace.
Found a stone staircase leading down.
You see here a +0 mace.
Found a puce potion.
f - 2 puce potions (gained 1)
Found 6 poisoned darts.
Found a hammer.
Found a runed translucent door.
Crazy Yiuf shouts!
Crazy Yiuf screams, "Island horse forty-two!"
Crazy Yiuf screams, "Blight ena ladder!"
You open the door. You barely miss Crazy Yiuf.
Crazy Yiuf yells, "Rot ladder horse!"
Crazy Yiuf hits you with a +2 quarterstaff of chaos!
Crazy Yiuf hits you with a +2 quarterstaff of chaos.
Crazy Yiuf freezes you. Crazy Yiuf attacks as you move away!
Crazy Yiuf barely misses you.
Crazy Yiuf cries, "You leg down broken song, no?"
Crazy Yiuf attacks as you move away! Crazy Yiuf barely misses you.
You hit Crazy Yiuf.
Crazy Yiuf is moderately wounded.
Crazy Yiuf hits you with a +2 quarterstaff of chaos.
* * * LOW HITPOINT WARNING * * *
You hit Crazy Yiuf.
Crazy Yiuf is moderately wounded.
Crazy Yiuf hits you with a +2 quarterstaff of chaos!
Ouch! That really hurt!
You die...

## .# .# ######## .#
### ###.#....## .##
#...##..#......##
..##
#...'.####g.....#
...# #)..###
##@...(# ...# ###
####..# ...# #.##
...# #.# ...######
##.# ......... #..#
.†........ ##.##
.<........#. ##..#
............####..##


You could see Crazy Yiuf.

Vanquished Creatures
  A worm (D:2)
  A ball python (D:2)
  An endoplasm (D:2)
  2 goblins
  A kobold (D:2)
  A quokka (D:2)
  A bat (D:2)
  A frilled lizard (D:2)
  A rat (D:2)
10 creatures vanquished.

Notes
Turn   | Place    | Note
-------+----------+-------------------------------------------
     0 | D:1      | Anriel the Gargoyle Fighter began the quest for the Orb.
     0 | D:1      | Reached XP level 1. HP: 14/14 MP: 1/1
    34 | D:1      | Got the Reference Book on the Displaced Retinue
    59 | D:1      | You fall into a shaft and drop 1 floor!
   235 | D:2      | Reached XP level 2. HP: 19/19 MP: 2/2
   253 | D:2      | Found a radiant altar of Vehumet.
   391 | D:2      | Found a runed translucent door.
   392 | D:2      | Noticed Crazy Yiuf
   406 | D:2      | Mangled by Crazy Yiuf

Illustrated notes

Levels and vault maps discovered:
D:1:      psy_arrival_statuary, layout_basic,
          hellmonk_ecumenical_altar_pennies_from_heaven
D:2:      layout_rooms, basic_altar, st_stairs_14, uniq_crazy_yiuf_cottage

Action                   || total
-------------------------++-------
Melee: Flail             ||    30
Armor: Scale mail        ||     8
Dodge: Dodged            ||    11
Block: Buckler           ||     3
